 Dungeon Crawl Stone Soup version 0.31-a0-845-g9abc20d24f (webtiles) character file.

Game seed: 531325971623351513

540 Demosthentine the Poker (level 7, 0/55 HPs)
             Began as a Demonspawn Gladiator on Oct 2, 2023.
             Slain by Edmund
             ... wielding a +2 flail of protection
              (8 damage)
             ... on level 5 of the Dungeon.
             The game lasted 00:04:58 (4083 turns).

Demosthentine the Poker (Demonspawn Gladiator)      Turns: 4083, Time: 00:04:58

Health: 0/55       AC:  8    Str: 16    XL:     7   Next: 5%
Magic:  0/7        EV: 13    Int:  9    God:
Gold:   130        SH:  0    Dex: 15    Spells: 6/6 levels left

rFire   . . .        a - +0 trident
rCold   . . .        (no shield)
rNeg    . . .        b - +0 leather armour
rPois   .            c - +1 helmet
rElec   .            l - +0 cloak
rCorr   .            (no gloves)
SInv    .            o - +0 pair of boots
Will    +....        n - amulet of regeneration
Stlth   +            i - ring of willpower
HPRegen 1.09/turn    (no ring)
MPRegen 0.20/turn

%: guardian spirit
@: no status effects
A: rugged brown scales 1, magic shield, magic regeneration
a: no special abilities


You were on level 5 of the Dungeon.
You visited 1 branch of the dungeon, and saw 5 of its levels.

You collected 130 gold pieces.

Inventory:

Hand Weapons
 a - a +0 trident (weapon)
Missiles
 e - a javelin
Armour
 b - a +0 leather armour (worn)
 c - a +1 helmet (worn)
 l - a +0 cloak (worn)
 o - a +0 pair of boots (worn)
Jewellery
 i - a ring of willpower (left hand)
 n - an amulet of regeneration (around neck)
 p - a ring of protection from fire
Talismans
 h - a granite talisman
Wands
 d - a wand of quicksilver (3)
 q - a wand of polymorph (6)
Scrolls
 f - a scroll of identify
 m - a scroll of revelation
Potions
 g - a potion of mutation
 k - a potion of magic


   Skills:
 + Level 4.1 Fighting
 + Level 4.3 Polearms
 - Level 1.7 Throwing
 + Level 3.1 Armour
 + Level 4.3 Dodging


You had 6 spell levels left.
You didn't know any spells.
Your spell library contained the following spells:

 Spells                   Type           Power      Damage    Failure   Level
 Ensorcelled Hibernation  Hex/Ice        0%         N/A       58%         2
 Passwall                 Tmut/Erth      0%         N/A       58%         2
 Wereblood                Tmut           0%         N/A       58%         2
 Swiftness                Air            0%         N/A       82%         3
 Irradiate                Conj/Tmut      0%         3d11      100%        5


Dungeon Overview and Level Annotations

Branches:
Dungeon (5/15)
 Temple: D:4-7

Altars:

Annotations:
D:5 Edmund


Innate Abilities, Weirdness & Mutations

You are partially covered in rugged brown scales. (AC +1, +3% HP)
When hurt, damage is shared between your health and your magic reserves.
You regenerate magic rapidly.


Message History

Edmund misses you.
Okay, then.
You closely miss Edmund.
Edmund is severely wounded.
Edmund hits you with a +2 flail of protection!
* * * LOW HITPOINT WARNING * * *
You closely miss Edmund.
Edmund is severely wounded.
Edmund closely misses you. x2
Okay, then.
You hit Edmund.
Edmund is severely wounded.
Edmund barely misses you.
You hit Edmund but do no damage.
Edmund is severely wounded.
Edmund hits you with a +2 flail of protection.
* * * LOW HITPOINT WARNING * * *
You hit Edmund but do no damage.
Edmund is severely wounded.
Edmund misses you.
You hit Edmund but do no damage.
Edmund is severely wounded.
Edmund barely misses you.
You barely miss Edmund.
Edmund is severely wounded.
Edmund hits you with a +2 flail of protection.
* * * LOW HITPOINT WARNING * * *
Unknown command.
You hit Edmund.
Edmund is almost dead.
Edmund hits you with a +2 flail of protection.
* * * LOW HITPOINT WARNING * * *
You hit Edmund.
Edmund is almost dead.
Edmund barely misses you.
You hit Edmund.
Edmund is almost dead.
Edmund hits you with a +2 flail of protection!
You die...
Edmund says, "I'd like to see a scythe do that!"

......⌠......................
..............##.#†###.......
####.....####.##.#.##########
..#...#'.##....#.#.........
...#...#...#.#..#.<.........
#<. #...##.<#.#..###.#...####
## #.....####.#..# #.#....#
##.. #.####..# #.###..#
#..@@l..# #......#
#######.######...#
...........# ##.######.#.#
..# #...# ### #####


You could see Edmund and an iguana.

Vanquished Creatures
  Grinder (D:5)
  2 jellies
  2 iguanas
  A sleepcap (D:5)
  Ijyb (D:5)
  Natasha (thrice) (D:2)
  2 gnolls (D:1)
  An adder (D:2)
  3 dart slugs (D:3)
  A ball python (D:2)
  2 endoplasms
  2 giant cockroaches
  9 goblins
  7 hobgoblins
  16 jackals
  7 kobolds
  3 quokkas
  8 bats
  6 frilled lizards
  8 rats
85 creatures vanquished.

Notes
Turn   | Place    | Note
-------+----------+-------------------------------------------
     0 | D:1      | Demosthentine the Demonspawn Gladiator began the quest for
                  | the Orb.
     0 | D:1      | Reached XP level 1. HP: 16/16 MP: 1/1
   146 | D:1      | Gained mutation: You are partially covered in rugged brown
                  | scales. (AC +1, +3% HP) [demonic ancestry]
   146 | D:1      | Reached XP level 2. HP: 3/22 MP: 2/2
   297 | D:1      | Reached skill level 1 in Armour
   385 | D:1      | Reached XP level 3. HP: 28/28 MP: 3/3
  1209 | D:2      | Reached XP level 4. HP: 35/35 MP: 4/4
  1250 | D:2      | Noticed Natasha
  1284 | D:2      | Killed Natasha
  1721 | D:2      | Noticed Natasha
  1729 | D:2      | Killed Natasha
  1730 | D:2      | Reached XP level 5. HP: 29/42 MP: 5/5
  1889 | D:2      | Noticed Natasha
  1900 | D:2      | Killed Natasha
  3087 | D:4      | Gained mutation: You regenerate magic rapidly. [demonic
                  | ancestry]
  3087 | D:4      | Reached XP level 6. HP: 48/48 MP: 6/6
  3652 | D:5      | Entered Level 5 of the Dungeon
  3656 | D:5      | Noticed Edmund
  3694 | D:5      | Noticed Ijyb
  3716 | D:5      | Killed Ijyb
  3917 | D:5      | Noticed Grinder
  3921 | D:5      | Paralysed by Grinder for 5 turns
  3941 | D:5      | Paralysed by Grinder for 5 turns
  3965 | D:5      | Killed Grinder
  3966 | D:5      | Gained mutation: When hurt, damage is shared between your
                  | health and your magic reserves. [demonic ancestry]
  3966 | D:5      | Reached XP level 7. HP: 54/55 MP: 7/7
  4083 | D:5      | Slain by Edmund

Illustrated notes

Levels and vault maps discovered:
D:1:      dpeg_arrival_morbid_curiosity, layout_loops_cross
D:2:      layout_loops_ring, uniq_natasha
D:3:      layout_basic, serial_bayou_pond_d
D:4:      layout_rooms
D:5:      layout_basic, grunt_ministairs_6, uniq_duvessa, uniq_grinder,
          uniq_ijyb, uniq_edmund

Skill      XL: |  1  2  3  4  5  6 |
---------------+-------------------+-----
Armour         | 1 2 3 |  3.1
Dodging        | 3 4 |  4.3
Polearms       | 3 4 |  4.3
Fighting       | 3 4 |  4.1
Throwing       | |  1.7

Action                     |  1- 3 |  4- 6 |  7- 9 || total
---------------------------+-------+-------+-------++-------
  Melee: Trident           |   163 |   186 |    78 ||   427
         Punch             |       |     4 |     3 ||     7
  Throw: Throwing net      |     2 |     2 |       ||     4
    Use: Scroll            |     4 |     8 |       ||    12
         Potion            |       |     1 |     1 ||     2
   Stab: Sleeping          |     2 |     4 |       ||     6
         Distracted        |       |     1 |       ||     1
         Held in net/web   |       |     2 |       ||     2
 Armour: Leather armour    |    93 |   100 |    55 ||   248
  Dodge: Dodged            |   104 |   104 |    39 ||   247

Table legend: (Time is in decaauts)
 A = Elapsed time spent in this place.
 B = Non-inter-level travel time spent in this place.
 C = Inter-level travel time spent in this place.
 D = Time resting spent in this place.
 E = Time spent auto-exploring this place.
 F = Levels seen in this place.
 G = Mean time per level.
                   A        B        C        D        E       F      G
               +--------+--------+--------+--------+--------+-----+--------+
         Total |   4143 |   4014 |    129 |    136 |   3034 |   5 |  828.6 |
       Dungeon |   4143 |   4014 |    129 |    136 |   3034 |   5 |  828.6 |
               +--------+--------+--------+--------+--------+-----+--------+

Top non-repeatable levels by time:
     D:1: 1188 daAuts
     D:3: 994 daAuts
     D:2: 848 daAuts
     D:4: 698 daAuts
     D:5: 413 daAuts
